 Dungeon Crawl Stone Soup version 0.32-a0-701-g6677626 (webtiles) character file.

Game seed: 8479518450573625283

8070 Toastz the Basher (level 11, -1/58 HPs)
             Began as a Vine Stalker Fighter on Mar 13, 2024.
             Was a Priest of Makhleb.
             Slain by a death yak (11 damage)
             ... led by a torpor snail
             ... on level 1 of the Lair of Beasts.
             The game lasted 00:17:03 (6702 turns).

Toastz the Basher (Vine Stalker Fighter)            Turns: 6702, Time: 00:17:03

Health: -1/58      AC:  7    Str: 23    XL:     11   Next: 25%
Magic:  0/15       EV: 13    Int:  8    God:    Makhleb [***...]
Gold:   551        SH:  5    Dex: 14    Spells: 10/10 levels left

rFire   . . .        a - +3 flail (protect)
rCold   + . .        c - +0 buckler
rNeg    + + +        w - +0 steam dragon scales
rPois   .            q - +0 helmet of Twilight {rN++ SInv Stlth-}
rElec   .            F - scarf {+Inv}
rCorr   .            (no gloves)
SInv    +            (no boots)
Will    +....        u - amulet of the acrobat Stlth
                     f - ring of protection from cold
HPRegen 1.09/turn    x - ring of positive energy
MPRegen 0.14/turn

%: acrobat, guardian spirit
@: about to teleport, slowed, very slow
A: fangs 3, regeneration 1, magic shield, antimagic bite, no potion heal 2
a: Renounce Religion, Evoke Invisibility, Minor Destruction, Lesser Servant of
Makhleb


You were on level 1 of the Lair of Beasts.
You worshipped Makhleb.
Makhleb was most pleased with you.
You visited 3 branches of the dungeon, and saw 11 of its levels.

You collected 551 gold pieces.

Inventory:

Hand Weapons
 a - a +3 flail of protection (weapon)
Missiles
 i - 6 atropa-tipped darts
 p - a throwing net
 s - 16 poisoned darts (quivered)
Armour
 b - a +0 scale mail
 c - a +0 buckler (worn)
 d - a +0 helmet
 k - a +2 tower shield of protection
 q - the +0 helmet of Twilight (worn) {rN++ SInv Stlth-}
   (You found it on level 2 of the Dungeon)

   rN++:      It greatly protects you from negative energy.
   SInv:      It lets you see invisible.
   Stlth-:    It makes you less stealthy.
 w - +0 steam dragon scales (worn)
 A - a +0 kite shield
 F - a scarf of invisibility (worn)
Jewellery
 f - a ring of protection from cold (left hand)
 u - an amulet of the acrobat (around neck)
 x - a ring of positive energy (right hand)
Wands
 B - a wand of flame (11)
Scrolls
 e - a scroll of fog {unknown}
 h - a scroll of immolation {unknown}
 j - 2 scrolls of vulnerability
 m - 2 scrolls of teleportation
 y - a scroll of blinking {unknown}
 D - 2 scrolls of noise {unknown}
 E - a scroll of fear {unknown}
Potions
 g - 2 potions of haste
 l - a potion of mutation {unknown}
 n - a potion of berserk rage
 o - 4 potions of curing
 r - 2 potions of heal wounds {unknown}
 t - 3 potions of magic {unknown}
 v - 2 potions of might
 z - 3 potions of brilliance {unknown}
 C - a potion of attraction {unknown}


   Skills:
 + Level 7.1 Fighting
 * Level 9.6 Maces & Flails
 + Level 4.9 Armour
 - Level 5.6 Dodging
 + Level 6.7 Shields
 + Level 4.0 Invocations


You had 10 spell levels left.
You didn't know any spells.
Your spell library contained the following spells:

 Spells                   Type           Power      Damage    Failure   Level
 Cigotuvi's Dreadful Rot  Necr/Alch/Air  0%         N/A       58%         2
 Gell's Gravitas          Tloc           0%         N/A       83%         3
 Inner Flame              Hex/Fire       0%         N/A       83%         3
 Teleport Other           Tloc           0%         N/A       83%         3
 Tukima's Dance           Hex            0%         N/A       83%         3
 Animate Dead             Necr           0%         N/A       99%         4
 Flame Wave               Conj/Fire      0%         2d4       99%         4
 Ignite Poison            Fire/Alch      0%         N/A       99%         4
 Passage of Golubria      Tloc           0%         N/A       99%         4
 Sticky Flame             Fire/Alch      0%         2d4       99%         4
 Borgnjor's Vile Clutch   Necr/Erth      0%         N/A       100%        5
 Freezing Cloud           Conj/Ice/Air   0%         6-21      100%        5
 Yara's Violent Unravell  Hex/Alch       0%         3d3       100%        5
 Death Channel            Necr           0%         N/A       100%        6
 Dispersal                Tloc           0%         N/A       100%        6


Dungeon Overview and Level Annotations

Branches:
Dungeon (9/15)             Temple (1/1) D:6            Lair (1/5) D:8
    Orc (0/2) D:9

Altars:
Ashenzari
Cheibriados
Dithmenos
Elyvilon
Fedhas
Gozag
Hepliaklqana
Kikubaaqudgha
Makhleb
Nemelex Xobeh
Okawaru
Qazlal
Ru
Sif Muna
Trog
Uskayaw
Vehumet
Wu Jian
Xom
Zin
The Shining One

Shops:
D:6 (

Annotations:
Temple 2 transporters


Innate Abilities, Weirdness & Mutations

You have razor-sharp teeth.
Your natural rate of healing is unusually fast.
When hurt, damage is shared between your health and your magic reserves.
Your bite disrupts and absorbs the magic of your enemies.
Potions cannot restore your health.


Message History

The death yak closely misses you.
The death yak attacks as it pursues you!
The death yak completely misses you. The death yak gores you!
The torpor snail bites you! The death yak closely misses you.
A bullfrog comes into view.
You swap places.
The death yak gores your ynoxinul!!
Your ynoxinul hits the torpor snail.
The torpor snail barely misses your ynoxinul.
A demon appears!
The death yak barely misses your ynoxinul.
You block the death yak's attack.
Your ynoxinul hits the torpor snail! You block the death yak's attack.
The death yak closely misses your ynoxinul.
The torpor snail bites your ynoxinul but does no damage.
The death yak gores your neqoxec but does no damage.
The death yak barely misses your ynoxinul.
Your ynoxinul hits the torpor snail!
The torpor snail closely misses your ynoxinul.
Your neqoxec barely misses the death yak.
The bullfrog misses your ynoxinul. The death yak gores your neqoxec!!
The bullfrog closely misses your ynoxinul.
Your ynoxinul hits the torpor snail! The torpor snail bites your ynoxinul!!
Your ynoxinul dies!
Your ynoxinul disappears in a puff of smoke!
The death yak gores your neqoxec!
Your neqoxec dies!
Your neqoxec disappears in a puff of smoke!
As you read the scroll of teleportation, it crumbles to dust.
You feel strangely unstable.
You barely miss the death yak.
The death yak is lightly wounded.
The bullfrog hits you. The death yak gores you. The bullfrog barely misses you.
The death yak closely misses you. The death yak gores you!
* * * LOW HITPOINT WARNING * * *
The bullfrog barely misses you.
You closely miss the bullfrog. You bite the bullfrog! You drain its power.
You feel invigorated.
The bullfrog is moderately wounded.
The bullfrog misses you. The death yak gores you!!
You die...

#P...##
##....#
##...##
#....##
##....#
#....#
..###.)†##
...##....#
.....#@Y.##
#......Yw..#
##....)#F..##
##.........#
##........##
##....(...##
##........#
##.......#
#####†.....##


You could see 2 death yaks, a torpor snail and a bullfrog.

Vanquished Creatures
  Nergalle (Lair:1)
  Sigmund (D:3)
  A vampire (D:7)
  7 yaks (D:8)
  A warg (D:9)
  Eustachio (D:5)
  4 steam dragons
  Grum (D:8)
  Menkaure (D:5)
  Edmund (D:4)
  An acid dragon (D:8)
  7 water moccasins
  2 sky beasts
  5 black bears
  2 ice beasts
  An ogre (D:4)
  3 wolves (D:8)
  4 centaurs
  A phantom (D:4)
  Blork the orc (D:4)
  2 kobold brigands
  2 bullfrogs (D:8)
  2 gnoll sergeants
  2 scorpions
  7 wights
  3 electric eels (D:8)
  A howler monkey (D:9)
  A jelly (D:7)
  A bombardier beetle (D:4)
  8 orc priests
  12 iguanas
  3 orc wizards
  Robin (D:4)
  14 gnolls
  5 adders
  A shadow imp (D:7)
  2 white imps
  6 ufetubi
  4 dart slugs
  6 orcs
  5 endoplasms
  A giant cockroach (D:1)
  17 hobgoblins
  2 jackals (D:2)
  2 quokkas (D:2)
  11 ball pythons
  10 bats
  3 frilled lizards
  14 goblins
  8 kobolds
  4 rats
206 creatures vanquished.

Vanquished Creatures (collateral kills)
  A skyshark (Lair:1)
  A warg (D:9)
  A gnoll sergeant (D:9)
3 creatures vanquished.

Vanquished Creatures (others)
  An orc (D:6)
1 creature vanquished.

Grand Total: 210 creatures vanquished

Notes
Turn   | Place    | Note
-------+----------+-------------------------------------------
     0 | D:1      | Toastz the Vine Stalker Fighter began the quest for the
                  | Orb.
     0 | D:1      | Reached XP level 1. HP: 11/11 MP: 2/2
     0 | D:1      | Noticed an oni
     3 | D:1      | Noticed a draconian
     5 | D:1      | Noticed a ghoul
     6 | D:1      | Noticed a ghoul
     8 | D:1      | Noticed a gargoyle
     9 | D:1      | Noticed a vine stalker
    11 | D:1      | Noticed a felid
    13 | D:1      | Noticed a barachi
    13 | D:1      | Noticed a formicid
    15 | D:1      | Noticed a vampire
    17 | D:1      | Noticed a demonspawn
    17 | D:1      | Noticed a ghoul
    19 | D:1      | Noticed a naga
    21 | D:1      | Noticed a vine stalker
   169 | D:1      | Reached skill level 2 in Maces & Flails
   191 | D:1      | Reached XP level 2. HP: 16/16 MP: 3/3
   306 | D:1      | Found a faded altar of an unknown god.
   353 | D:1      | Reached XP level 3. HP: 19/19 MP: 2/4
   909 | D:2      | Identified the +0 helmet of Twilight {rN++ SInv Stlth-}
  1309 | D:3      | Reached XP level 4. HP: 24/24 MP: 5/5
  1327 | D:3      | Noticed Sigmund
  1338 | D:3      | Killed Sigmund
  1339 | D:3      | Reached skill level 3 in Maces & Flails
  1339 | D:3      | Reached skill level 1 in Dodging
  1339 | D:3      | Reached XP level 5. HP: 22/28 MP: 4/6
  1339 | D:3      | Reached XP level 6. HP: 25/32 MP: 4/7
  1536 | D:3      | Found a burning altar of Makhleb.
  1541 | D:3      | Found a shadowy altar of Dithmenos.
  1803 | D:3      | Became a worshipper of Makhleb the Destroyer
  1831 | D:4      | Noticed Blork the orc
  1840 | D:4      | Killed Blork the orc
  1942 | D:4      | Reached skill level 4 in Maces & Flails
  1970 | D:4      | Reached XP level 7. HP: 37/37 MP: 8/8
  2036 | D:4      | Noticed Edmund
  2054 | D:4      | Killed Edmund
  2375 | D:4      | Noticed Robin
  2397 | D:4      | Reached * piety under Makhleb
  2400 | D:4      | Killed Robin
  2583 | D:4      | Reached skill level 5 in Maces & Flails
  2583 | D:4      | Gained mutation: You have razor-sharp teeth. [Vine Stalker
                  | growth]
  2583 | D:4      | Reached XP level 8. HP: 42/42 MP: 9/9
  2817 | D:5      | Entered Level 5 of the Dungeon
  2817 | D:5      | Noticed Menkaure
  2894 | D:5      | Killed Menkaure
  2999 | D:5      | Reached ** piety under Makhleb
  3229 | D:5      | Noticed Eustachio
  3238 | D:5      | Killed Eustachio
  3239 | D:5      | Reached skill level 6 in Maces & Flails
  3261 | D:5      | Reached skill level 5 in Fighting
  3265 | D:5      | Reached XP level 9. HP: 29/47 MP: 10/10
  3576 | D:6      | Found a staircase to the Ecumenical Temple.
  3591 | Temple   | Found a transporter.
  3591 | Temple   | Found a transporter.
  3591 | Temple   | Found a transporter.
  3591 | Temple   | Found a transporter.
  3591 | Temple   | Entered the Ecumenical Temple
  3629 | Temple   | Reached skill level 5 in Shields
  4366 | D:6      | Reached skill level 7 in Maces & Flails
  4396 | D:6      | Found Veumuimp's Weapon Shop.
  4977 | D:7      | Reached *** piety under Makhleb
  5484 | D:7      | Reached XP level 10. HP: 53/53 MP: 11/11
  5487 | D:7      | Reached skill level 1 in Invocations
  5538 | D:8      | Reached skill level 8 in Maces & Flails
  5790 | D:8      | Reached skill level 5 in Dodging
  5797 | D:8      | Found a staircase to the Lair.
  6034 | D:8      | Reached skill level 9 in Maces & Flails
  6080 | D:8      | Noticed Grum
  6098 | D:8      | Killed Grum
  6360 | D:9      | Reached XP level 11. HP: 22/58 MP: 5/14
  6406 | D:9      | Found a staircase to the Orcish Mines.
  6409 | D:9      | Noticed a cyclops
  6470 | Lair:1   | Entered Level 1 of the Lair of Beasts
  6507 | Lair:1   | Noticed a skyshark
  6521 | Lair:1   | Killed a skyshark
  6606 | Lair:1   | Noticed Nergalle
  6620 | Lair:1   | Killed Nergalle
  6681 | Lair:1   | Noticed a death yak
  6682 | Lair:1   | Noticed a death yak
  6702 | Lair:1   | Slain by a death yak

Illustrated notes

Levels and vault maps discovered:
D:1:      shiori_arrival_whats_in_store_for_you, layout_rooms,
          basic_ecumenical_altar
D:2:      layout_basic, kennysheep_generic_room_12
D:3:      layout_rooms, jmf_multi_god_temple, serial_park_tiny_pond,
          patterned_corridor, uniq_sigmund
D:4:      minmay_chambers_of_twos, layout_basic, hangedman_abyss_or_decor_stabs,
          uniq_edmund, uniq_robin, uniq_blork_the_orc
D:5:      layout_basic, moated_statue, water_maze_lemuel, uniq_menkaure,
          uniq_eustachio
D:6:      layout_basic, minmay_temple_entry_offerings, serial_shops,
          nicolae_shop_hallway_plus
D:7:      layout_basic, uniq_jeremiah
D:8:      layout_basic, due_lair_maze_entry_diamond, serial_bayou,
          serial_bayou_lagoon_b, serial_bayou_shore_a, serial_bayou_lagoon_a,
          serial_bayou_pond_d, serial_bayou_pond_e, uniq_grum
D:9:      lemuel_castle_with_subvaults [lemuel_castle_interior_original],
          layout_irregular_city, overflow_temple_1_default, orc_0_dummy,
          gammafunk_ghost_cemetery, minmay_three_doors
Temple:   hellmonk_temple_divided_pantheon
Lair:1:   layout_hall_layers, gauntlet_entry_generic, uniq_nergalle

Skill      XL: |  1  2  3  4  5  6  7  8  9 10 11 |
---------------+----------------------------------+-----
Maces & Flails | 2 3 4 5 6 7 9 |  9.6
Fighting       | 3 4 5 6 7 |  7.1
Shields        | 3 4 5 6 |  6.7
Armour         | 3 4 |  4.9
Dodging        | 1 2 3 4 5 |  5.6
Invocations    | 3 4 |  4.0

Action                     |  1- 3 |  4- 6 |  7- 9 | 10-12 || total
---------------------------+-------+-------+-------+-------++-------
  Melee: Flail             |   118 |    54 |   335 |   186 ||   693
         Bite              |    16 |    18 |   103 |    57 ||   194
  Throw: Dart              |       |       |       |     5 ||     5
 Invoke: Lesser Servant of |       |       |       |     4 ||     4
         Minor Destruction |       |       |       |     1 ||     1
  Evoke: Wand              |       |       |       |     4 ||     4
    Use: Potion            |       |     1 |     1 |     1 ||     3
         Scroll            |       |       |     7 |     1 ||     8
 Armour: Scale mail        |    89 |    36 |   180 |       ||   305
         Steam dragon scal |       |       |   114 |   145 ||   259
  Dodge: Dodged            |    53 |    23 |   259 |   138 ||   473
  Block: Buckler           |    24 |    10 |   110 |    67 ||   211

Table legend: (Time is in decaauts)
 A = Elapsed time spent in this place.
 B = Non-inter-level travel time spent in this place.
 C = Inter-level travel time spent in this place.
 D = Time resting spent in this place.
 E = Time spent auto-exploring this place.
 F = Levels seen in this place.
 G = Mean time per level.
                   A        B        C        D        E       F      G
               +--------+--------+--------+--------+--------+-----+--------+
         Total |   6850 |   6318 |    532 |    483 |   4096 |  11 |  622.7 |
       Dungeon |   6500 |   5968 |    532 |    322 |   4040 |   9 |  722.2 |
        Temple |    101 |    101 |      0 |     74 |      0 |   1 |  101.0 |
          Lair |    248 |    248 |      0 |     87 |     56 |   1 |  248.0 |
               +--------+--------+--------+--------+--------+-----+--------+

Top non-repeatable levels by time:
     D:4: 1072 daAuts
     D:6: 947 daAuts
     D:8: 940 daAuts
     D:5: 904 daAuts
     D:2: 694 daAuts
     D:7: 672 daAuts
     D:3: 666 daAuts
     D:1: 512 daAuts
  Lair:1: 248 daAuts
  Temple: 101 daAuts
     D:9: 88 daAuts
